 Dungeon Crawl Stone Soup version 0.32-a0-732-ga344392067 (webtiles) character file.

Game seed: 2355456087878487070

361 gimp the Shooter (level 6, -1/47 HPs)
             Began as a Coglin Wanderer on Mar 16, 2024.
             Was an Initiate of Okawaru.
             Killed from afar by an orc wizard (7 damage)
             ... with a magic dart
             ... on level 4 of the Dungeon.
             The game lasted 00:04:23 (3332 turns).

gimp the Shooter (Coglin Wanderer)                  Turns: 3332, Time: 00:04:23

Health: -1/47      AC:  5    Str: 15    XL:     6   Next: 66%
Magic:  7/7        EV: 13    Int:  7    God:    Okawaru [......]
Gold:   120        SH:  0    Dex: 25    Spells: 7/7 levels left

rFire   . . .        a - +2 sling {Daeho}
rCold   . . .        r - +0 sling {Matsuko}
rNeg    . . .        v - +0 leather armour "Pyibuv" {*Corrode ^Drain Dex+8}
rPois   .            c - +0 helmet
rElec   .            (no cloak)
rCorr   .            m - +0 pair of gloves
SInv    .            (no boots)
Will    .....        (amulet unavailable)
Stlth   ++           (ring unavailable)
HPRegen 0.27/turn    (ring unavailable)
MPRegen 0.10/turn    (no gizmo)

%: corrode self (3%)
@: revved
A: off-hand wielding, slow wielding, warmup strikes, no jewellery
a: Invent Gizmo, Renounce Religion


You were on level 4 of the Dungeon.
You worshipped Okawaru.
Okawaru was noncommittal.
You visited 1 branch of the dungeon, and saw 4 of its levels.

You collected 120 gold pieces.

Inventory:

Hand Weapons
 a - a +2 sling (weapon) {Daeho}
 r - a +0 sling (offhand) {Matsuko}
Missiles
 e - a throwing net
Armour
 c - a +0 helmet (worn)
 m - a +0 pair of gloves (worn)
 v - the +0 leather armour "Pyibuv" (worn) {*Corrode ^Drain Dex+8}
   (You found it on level 4 of the Dungeon)

   Dex+8:     It affects your dexterity (+8).
   *Corrode:  It may corrode you when you take damage.
   ^Drain:    It drains your maximum health when unequipped.
Wands
 x - a wand of acid (9)
Scrolls
 b - a scroll of teleportation {unknown}
 d - 2 scrolls of blinking
 f - 5 scrolls of identify {unknown}
 g - 2 scrolls of revelation {unknown}
 h - 2 scrolls of torment {unknown}
 j - 3 scrolls of poison {unknown}
 k - 2 scrolls of fog {unknown}
 l - a scroll of silence {unknown}
 n - 2 scrolls of enchant armour {unknown}
 p - a scroll of immolation {unknown}
 w - a scroll of amnesia {unknown}
Potions
 i - a potion of heal wounds {unknown}
 o - a potion of haste {unknown}
 q - a potion of mutation {unknown}
 s - a potion of enlightenment {unknown}
 t - a potion of invisibility {unknown}
 u - a potion of attraction {unknown}
 z - a potion of magic {unknown}


   Skills:
 + Level 3.5 Fighting
 - Level 1.0 Polearms
 * Level 4.8 Ranged Weapons
 - Level 1.0 Throwing
 - Level 3.6 Dodging
 - Level 1.0 Spellcasting
 + Level 1.6 Invocations


You had 7 spell levels left.
You didn't know any spells.
Your spell library contained the following spells:

 Spells                   Type           Power      Damage    Failure   Level
 Magic Dart               Conj           0%         1d3       45%         1
 Blink                    Tloc           0%         N/A       61%         2
 Frozen Ramparts          Ice            0%         1d1       83%         3
 Ozocubu's Armour         Ice            0%         N/A       83%         3
 Vhi's Electric Charge    Tloc/Air       0%         N/A       99%         4
 Arcjolt                  Conj/Air       0%         1d10      100%        5
 Metabolic Englaciation   Hex/Ice        0%         N/A       100%        5
 Plasma Beam              Fire/Air       0%         2x1d10    100%        6
 Call Imp                 Summ           Unusable   N/A       N/A         2

Dungeon Overview and Level Annotations

Branches:
Dungeon (4/15)
 Temple: D:4-7

Altars:
Okawaru
The Shining One

Annotations:
D:1 1 runed translucent door


Innate Abilities, Weirdness & Mutations

You can wield a second weapon in your off-hand.
It takes a long time for you to wield or remove held weapons.
Your first few attacks do less damage.
You cannot equip rings or amulets.


Message History

You feel less confused.
You hear some strange, mumbled words.
You are confused.
You hear some strange, mumbled words.
Something tries to affect you, but you resist.
You bump into the rock wall.
You bump into the rock wall.
You feel less confused. Something hits you but does no damage.
Something hits you.
You take 1 damage, and have 29/47 hp.
Something hits you.
A magic dart appears from out of thin air!
The magic dart hits you!
You take 7 damage, and have 22/47 hp.
You are too injured to fight recklessly!
You are too injured to fight recklessly!
You are too injured to fight recklessly!
Fire: a) +2 sling {Daeho}
Press: ? - help, Q - select action, (/) - cycle Shift-Dir - straight line, f - orc
Aim: an orc, wielding a +0 short sword (67% to hit)
You shoot a sling bullet. The sling bullet hits the orc.
The orc is heavily wounded.
You shoot a sling bullet. Something hits you.
Fire: a) +2 sling {Daeho}
Press: ? - help, Q - select action, (/) - cycle Shift-Dir - straight line, f/p - orc
Aim: an orc, wielding a +0 short sword (heavily wounded, 67% to hit)
You shoot a sling bullet. x2; The sling bullet hits the orc.
You kill the orc!
Okawaru accepts your kill. Something barely misses you.
Fire: a) +2 sling {Daeho}
Press: ? - help, Q - select action, (/) - cycle Shift-Dir - straight line, f - orc
Aim: an orc, wielding a +0 mace and wearing a +0 leather armour (67% to hit)
You shoot a sling bullet. The sling bullet barely misses the orc.
The sling bullet hits the orc.
The orc is lightly wounded.
You shoot a sling bullet. The sling bullet hits the orc!
The orc is almost dead.
Something hits you but does no damage.
Fire: a) +2 sling {Daeho}
Press: ? - help, Q - select action, (/) - cycle Shift-Dir - straight line, f/p - orc
Aim: an orc, wielding a +0 mace and wearing a +0 leather armour (almost dead, 67% to hit)
You shoot a sling bullet. x2
The sling bullet closely misses the orc.
The sling bullet hits the orc but does no damage.
The orc is lightly wounded.
Something hits you but does no damage.
Fire: a) +2 sling {Daeho}
Press: ? - help, Q - select action, (/) - cycle Shift-Dir - straight line, f/p - orc
Aim: an orc, wielding a +0 mace and wearing a +0 leather armour (almost dead, 67% to hit)
You shoot a sling bullet. The sling bullet hits the orc.
You kill the orc!
Okawaru accepts your kill.
You shoot a sling bullet. The sling bullet hits the orc.
The orc is heavily wounded.
Something hits you.
You take 4 damage, and have 19/47 hp.
Fire: a) +2 sling {Daeho}
Press: ? - help, Q - select action, (/) - cycle Shift-Dir - straight line, f - orc
Aim: an orc, wielding a +0 dagger and wearing a +0 leather armour (moderately wounded, 67% to hit)
You shoot a sling bullet. The sling bullet hits the orc!
You kill the orc!
Okawaru accepts your kill.
You shoot a sling bullet. Something barely misses you.
You hear some strange, mumbled words.
Something tries to affect you, but you resist.
Fire: a) +2 sling {Daeho}
Press: ? - help, Q - select action, (/) - cycle Shift-Dir - straight line, f - you
Okay, then.
Something hits you.
You take 3 damage, and have 16/47 hp.
You shoot a sling bullet. x2; Something hits you.
You shoot a sling bullet. x2; Something hits you but does no damage.
You shoot a sling bullet. x2; Something barely misses you.
You shoot a sling bullet. x2
Reactivating autopickup.
An orc wizard appears from thin air!
The orc wizard hits you but does no damage.
You shoot a sling bullet.
The sling bullet closely misses the orc wizard.
You shoot a sling bullet. The sling bullet hits the orc wizard.
The orc wizard is almost dead.
The orc wizard points at you and mumbles some strange words.
The puff of flame hits you!
* * * LOW HITPOINT WARNING * * *
You take 11 damage, and have 6/47 hp.
MASSIVE DAMAGE!!
You shoot a sling bullet.
The sling bullet barely misses the orc wizard.
You shoot a sling bullet.
The sling bullet hits the orc wizard but does no damage.
The orc wizard is almost dead.
The orc wizard misses you.
The orc wizard points at you and mumbles some strange words.
The magic dart hits you!
You die...

### ##.##### ### ###.#.##.#
#.# ### ###
##..###..########.## #.#
##.# #..##
##.#....)o@#.#####.## ##.##
..##
##..##.#######..#..#.###..#
..####...##..##
##.#...#....##
..##<....###)o#
##.##.......## .........#
##o# ##.###........##
.........# #)# #..#
##......... .......###
...###.## ##.....##.
.......#
ß)ß#...#####.....###.
.......#
#.).#.........#...# #.


You could see an orc wizard.

Vanquished Creatures
  An orc warrior (D:4)
  A centaur (D:4)
  An orc wizard (D:4)
  4 gnolls (D:4)
  2 adders
  4 dart slugs
  2 ribbon worms (D:2)
  16 orcs
  6 bats
  2 endoplasms
  3 giant cockroaches
  5 goblins
  7 hobgoblins
  4 jackals (D:1)
  6 kobolds
  2 quokkas (D:3)
  8 ball pythons
  2 frilled lizards (D:1)
  2 rats (D:2)
78 creatures vanquished.

Notes
Turn   | Place    | Note
-------+----------+-------------------------------------------
     0 | D:1      | gimp the Coglin Wanderer began the quest for the Orb.
     0 | D:1      | gimp set off with the following items: a +2 sling {Daeho},
                  | a +0 spear {Gerda}, a +0 helmet, a scroll of blinking, a +0
                  | leather armour, a -2 sling {Nozipho}.
     0 | D:1      | Reached XP level 1. HP: 15/15 MP: 2/2
     0 | D:1      | Noticed a jelly
     1 | D:1      | Found a runed translucent door.
   123 | D:1      | Reached skill level 2 in Ranged Weapons
   184 | D:1      | Reached XP level 2. HP: 21/21 MP: 3/3
   324 | D:1      | Reached XP level 3. HP: 25/27 MP: 4/4
   750 | D:2      | Reached skill level 3 in Ranged Weapons
   795 | D:2      | Found a glowing golden altar of the Shining One.
  1029 | D:2      | Reached XP level 4. HP: 33/33 MP: 5/5
  1894 | D:3      | Found an iron altar of Okawaru.
  1906 | D:3      | Became a worshipper of Warmaster Okawaru
  2380 | D:4      | Identified the +0 leather armour "Pyibuv" {*Corrode ^Drain
                  | Dex+8}
  2482 | D:4      | Reached XP level 5. HP: 39/39 MP: 6/6
  2526 | D:4      | Noticed a centaur
  2533 | D:4      | Killed a centaur
  2534 | D:4      | Reached skill level 4 in Ranged Weapons
  2534 | D:4      | Reached skill level 1 in Invocations
  2723 | D:4      | Reached XP level 6. HP: 47/47 MP: 7/7
  3291 | D:4      | Noticed an orc warrior
  3302 | D:4      | Killed an orc warrior
  3332 | D:4      | Killed from afar by an orc wizard

Illustrated notes

Levels and vault maps discovered:
D:1:      dpeg_arrival_caged_fury, layout_loops_ring, kennysheep_flooded_box
D:2:      minmay_angry_zag, layout_basic, basic_altar
D:3:      layout_basic, okawaru_metal_pillars_3
D:4:      layout_layer_cave, pf_guarded_unrand_delatra

Skill      XL: |  1  2  3  4  5 |
---------------+----------------+-----
Ranged Weapons | 2 3 4 |  4.8
Fighting       | 2 3 |  3.5
Invocations    | 1 |  1.6
Polearms       | |  1.0
Throwing       | |  1.0
Dodging        | |  3.6
Spellcasting   | |  1.0

Action                     |  1- 3 |  4- 6 || total
---------------------------+-------+-------++-------
   Fire: Sling             |   174 |   218 ||   392
  Evoke: Wand              |       |     3 ||     3
 Armour: Leather armour    |    23 |    33 ||    56
  Dodge: Dodged            |    38 |    17 ||    55

Table legend: (Time is in decaauts)
 A = Elapsed time spent in this place.
 B = Non-inter-level travel time spent in this place.
 C = Inter-level travel time spent in this place.
 D = Time resting spent in this place.
 E = Time spent auto-exploring this place.
 F = Levels seen in this place.
 G = Mean time per level.
                   A        B        C        D        E       F      G
               +--------+--------+--------+--------+--------+-----+--------+
         Total |   3383 |   3218 |    165 |      0 |   2748 |   4 |  845.8 |
       Dungeon |   3383 |   3218 |    165 |      0 |   2748 |   4 |  845.8 |
               +--------+--------+--------+--------+--------+-----+--------+

Top non-repeatable levels by time:
     D:3: 1013 daAuts
     D:4: 966 daAuts
     D:2: 719 daAuts
     D:1: 684 daAuts
